 Dungeon Crawl Stone Soup version 0.31-a0-188-g5e087ee2ca (webtiles) character file.

Game seed: 16075847097413549214

18 qw the Shooter (level 2, -1/16 HPs)
             Began as a Deep Elf Hunter on June 23, 2023.
             Slain by a jackal (3 damage)
             ... on level 1 of the Dungeon.
             The game lasted 00:00:07 (149 turns).

qw the Shooter (Deep Elf Hunter)                     Turns: 149, Time: 00:00:08

Health: -1/16      AC:  3    Str:  8    XL:     2   Next: 51%
Magic:  4/4        EV: 12    Int: 13    God:
Gold:   24         SH:  0    Dex: 18    Spells: 1/1 levels left

rFire   . . .        a - +0 shortbow
rCold   . . .        (shield currently unavailable)
rNeg    . . .        c - +0 leather armour
rPois   .            (no helmet)
rElec   .            (no cloak)
rCorr   .            (no gloves)
SInv    .            (no boots)
Will    .....        (no amulet)
Stlth   ++           (no ring)
HPRegen 0.22/turn    (no ring)
MPRegen 0.09/turn

%: no passive effects
@: no status effects
A: no striking features
a: no special abilities


You were on level 1 of the Dungeon.
You visited 1 branch of the dungeon, and saw 1 of its levels.

You collected 24 gold pieces.


   Skills:
 - Level 1.5 Fighting
 + Level 6.3 Ranged Weapons
 - Level 2.4 Dodging
 - Level 1.2 Stealth


You had one spell level left.
You didn't know any spells.
Your spell library was empty.

Inventory:

Hand Weapons
 a - a +0 shortbow (weapon)
Armour
 c - a +0 leather armour (worn)
 e - a +0 helmet
Scrolls
 b - a scroll of butterflies
Potions
 d - a potion of invisibility {unknown}

Dungeon Overview and Level Annotations

Branches:
Dungeon (1/15)

Altars:


Message History

You shoot an arrow. The kobold shouts!
The arrow hits the kobold!
You kill the kobold!
You hear a shout!
The jackal closely misses you.
You shoot an arrow. The arrow closely misses the goblin.
The arrow hits the giant cockroach but does no damage.
The jackal bites you. The goblin closely misses you.
The jackal bites you but does no damage.
You shoot an arrow. The arrow hits the goblin.
You kill the goblin!
The jackal completely misses you.
You shoot an arrow.
The arrow hits the jackal but does no damage.
The jackal bites you. The endoplasm freezes you.
You are frozen.
A goblin comes into view. It is wielding a +0 club.
The jackal bites you but does no damage.
The giant cockroach bites you but does no damage.
You shoot an arrow. The arrow hits the giant cockroach.
The giant cockroach is severely wounded.
The jackal bites you. The endoplasm freezes you.
You are frozen.
The giant cockroach closely misses you. The jackal barely misses you.
You shoot an arrow.
The arrow closely misses the giant cockroach.
The arrow hits the dart slug!
The dart slug is almost dead.
The endoplasm barely misses you.
The giant cockroach bites you but does no damage.
The jackal barely misses you. The endoplasm misses you.
The giant cockroach closely misses you.
You shoot an arrow.
The arrow hits the giant cockroach but does no damage.
The giant cockroach is severely wounded.
The jackal bites you.
You die...

...##.....##.# #..
#.......###.# #..
###...#.# .### ##.
#....#.#....####.. #
#####.#.....#.....#..~
..#.....#.#.#.#8..~....~
..........#.#.##...~..~~
......J#.##.#.# ....~~~~
.....Kh@.##.#.. ..~~~~..
......B####.#.. ~~~~~.[<
.....w. #.#.....~~~~..
....g.. #.# ....~~~~
##..##. ...~..~~ #.. #b
..~....~ ... .. ....#..~
.. .. ..####.. ## ##.


You could see a dart slug, an endoplasm, a jackal, a giant cockroach, a goblin,
a bat and a kobold.

Vanquished Creatures
  A ball python (D:1)
  An endoplasm (D:1)
  3 goblins (D:1)
  A jackal (D:1)
  2 kobolds (D:1)
  5 quokkas (D:1)
  A frilled lizard (D:1)
  A rat (D:1)
15 creatures vanquished.

Notes
Turn   | Place    | Note
-------+----------+-------------------------------------------
     0 | D:1      | qw the Deep Elf Hunter began the quest for the Orb.
     0 | D:1      | Reached XP level 1. HP: 12/12 MP: 3/3
     0 | D:1      | 0 ||| qw: Version: 0.3-a-9-g12657ce
     0 | D:1      | 0 ||| qw: Game counter: 3254
     0 | D:1      | 0 ||| qw: Always use a shield: true
     0 | D:1      | 0 ||| qw: God list: Okawaru
     0 | D:1      | 0 ||| qw: Allow faded altars: false
     0 | D:1      | 0 ||| qw: Do Orc after D:15 true
     0 | D:1      | 0 ||| qw: Do second Lair branch before Depths: true
     0 | D:1      | 0 ||| qw: Lair rune preference: random
     0 | D:1      | 0 ||| qw: Plans: Normal
     0 | D:1      | 0 ||| PLANNING D:1-11
    70 | D:1      | Reached skill level 6 in Ranged Weapons
    70 | D:1      | Reached XP level 2. HP: 16/16 MP: 4/4
   147 | D:1      | HP: 4/16 [jackal (1)]
   147 | D:1      | HP: 1/16 [frozen (3)]
   149 | D:1      | Slain by a jackal

Levels and vault maps discovered:
D:1:      eino_arrival_water_star, layout_rooms,
          ebering_ecumenical_altar_sacrificial, minmay_heptomino_h4

Skill      XL: |  1 |
---------------+----+-----
Ranged Weapons | 6 |  6.3
Fighting       | |  1.5
Dodging        | |  2.4
Stealth        | |  1.2

Action                     || total
---------------------------++-------
   Fire: Shortbow          ||    44
 Armour: Leather armour    ||     5
  Dodge: Dodged            ||    14

Table legend:
 A = Non-vault XP
 B = Vault XP
 C = Vault XP percentage of total XP
 D = Non-vault monster count
 E = Vault monster count
 F = Vault count percentage of total count
                 A         B        C        D         E       F
            +---------+---------+-------+---------+---------+-------
      Total |      27 |       0 |   0.0 |      15 |       0 |   0.0
            +---------+---------+-------+---------+---------+-------
        D:1 |      27 |       0 |   0.0 |      15 |       0 |   0.0
            +---------+---------+-------+---------+---------+-------
